 Dungeon Crawl Stone Soup version 0.21.1-1-g345015fe64 (webtiles) character file.

102 LevaFresel the Shooter (level 5, 0/35 HPs)
             Began as a Halfling Hunter on June 4, 2018.
             Killed by divine providence
             ... invoked by an orc priest
              (14 damage)
             ... on level 2 of the Dungeon.
             The game lasted 00:08:54 (1645 turns).

LevaFresel the Shooter (Halfling Hunter)            Turns: 1645, Time: 00:08:55

Health: 0/35       AC:  8    Str: 14    XL:     5   Next: 5%
Magic:  5/5        EV:  9    Int:  9    God:
Gold:   44         SH:  0    Dex: 15    Spells: 4/4 levels left

rFire    . . .     SeeInvis .   b - +0 short sword
rCold    . . .     Gourm    .   (shield restricted)
rNeg     . . .     Faith    .   o - +0 chain mail
rPois    .         Spirit   .   (no helmet)
rElec    .         Reflect  .   (no cloak)
rCorr    .         Harm     .   (no gloves)
MR       .....                  l - -1 pair of boots (curse)
Stlth    ..........             (no amulet)
HPRegen  0.11/turn              (no ring)
MPRegen  0.09/turn              (no ring)

@: no status effects
A: small, mutation resistance 1
a: no special abilities


You were on level 2 of the Dungeon.
You were not hungry.

You visited 1 branch of the dungeon, and saw 3 of its levels.

You collected 44 gold pieces.

Inventory:

Hand Weapons
 a - a +1 shortbow
 b - a +0 short sword (weapon)
Missiles
 d - 14 arrows
 i - 60 stones (quivered)
 t - a throwing net
Armour
 c - a +0 leather armour
 l - a cursed -1 pair of boots (worn)
 o - a +0 chain mail (worn)
Scrolls
 j - a scroll of teleportation {unknown}
 k - 3 scrolls of identify
 m - a scroll of magic mapping {unknown}
 n - a scroll of immolation {unknown}
 q - a scroll of remove curse {unknown}
 r - a scroll of amnesia {unknown}
 s - a scroll of enchant armour {unknown}
Potions
 e - a potion of haste {unknown}
 g - a potion of heal wounds {unknown}
 h - a potion of curing {unknown}
 p - 2 potions of brilliance {unknown}
Comestibles
 f - 4 rations


   Skills:
 + Level 2.6 Fighting
 + Level 0.0 Short Blades
 * Level 5.6 Bows
 + Level 3.1 Dodging
 - Level 1.1 Stealth


You had 4 spell levels left.
You didn't know any spells.

Dungeon Overview and Level Annotations

Branches:
Dungeon (3/15)

Altars:


Innate Abilities, Weirdness & Mutations

You are small and have problems with some larger weapons.
You are somewhat resistant to further mutation.


Message History

The orc priest is lightly wounded.
The orc priest closely misses you.
You closely miss the orc priest.
The orc priest is lightly wounded.
The orc priest calls down the wrath of Beogh upon you.
Pain shoots through your body!
You hit the orc priest.
The orc priest is lightly wounded.
The orc priest hits you but does no damage.
The orc priest barely misses you.
You climb upwards.
There is a stone staircase leading down here.
You closely miss the orc priest.
The orc priest is lightly wounded.
The orc priest hits you with a short sword.
Your chain mail prevents you from hitting the orc priest.
The orc priest is lightly wounded.
The orc priest mumbles some strange prayers to Beogh against you.
Beogh smites you!
You die...

####.####
#...............## #.#
#.......#####.#..# #.#
#......(# #...#... #.##
#.......###.###.## #..#
#.......##..#...## ##.#
#.............### #.#
#.......####....## #.#
#.[.....# ####..# #.#
#@o.....# ##.# #.#
#.).....# ###.. #.##
###.############.... #..#
#...# ###......###
##.####.#######...######
#...#......†...##########
###.########......[......
#.## #...)......... #..#
###########...


You could see an orc priest.

Vanquished Creatures
  An orc wizard (D:3)
  An adder (D:2)
  An ooze (D:1)
  2 worms (D:2)
  2 dart slugs (D:1)
  3 leopard geckos
  5 orcs
  A giant cockroach (D:2)
  4 goblins
  6 hobgoblins
  A quokka (D:2)
  A ball python (D:2)
  6 bats
  A frilled lizard (D:2)
  2 kobolds (D:1)
  9 rats
46 creatures vanquished.

Notes
Turn   | Place    | Note
-------+----------+-------------------------------------------
     0 | D:1      | LevaFresel the Halfling Hunter began the quest for the Orb.
     0 | D:1      | Reached XP level 1. HP: 14/14 MP: 1/1
   132 | D:1      | Reached XP level 2. HP: 19/19 MP: 2/2
   683 | D:1      | Reached XP level 3. HP: 20/24 MP: 3/3
   758 | D:1      | Reached skill level 5 in Bows
  1157 | D:2      | Reached XP level 4. HP: 29/29 MP: 4/4
  1473 | D:3      | Reached XP level 5. HP: 29/35 MP: 5/5
  1645 | D:2      | Killed from afar by an orc priest

Skill      XL: |  1  2  3  4 |
---------------+-------------+-----
Fighting       | 2 |  2.6
Bows           | 5 |  5.6
Dodging        | 3 |  3.1
Stealth        | |  1.1

Action                   |  1- 3 |  4- 6 || total
-------------------------+-------+-------++-------
Melee: Short sword       |    24 |    35 ||    59
 Fire: Shortbow          |    49 |    41 ||    90
Throw: Stone             |       |     4 ||     4
  Use: Scroll            |     1 |       ||     1
  Eat: Ration            |     1 |       ||     1
Armor: Leather armour    |     4 |       ||     4
       Chain mail        |     9 |    16 ||    25
Dodge: Dodged            |    31 |    16 ||    47
